 Dungeon Crawl Stone Soup version 0.30-a0-341-g682706514a (webtiles) character file.

Game seed: 2423492258575962150

1285 Lanoc the Destroyer (level 8, -1/41 HPs)
             Began as a Deep Elf Conjurer on Nov 4, 2022.
             Was a High Priest of Ignis.
             Slain by Maggie
             ... wielding a +1 glaive of protection
              (7 damage)
             ... on level 6 of the Dungeon.
             The game lasted 00:08:48 (4350 turns).

Lanoc the Destroyer (Deep Elf Conjurer)             Turns: 4350, Time: 00:08:49

Health: -1/41      AC:  5    Str:  4    XL:     8   Next: 29%
Magic:  6/14       EV: 15    Int: 26    God:    Ignis [*****.]
Gold:   185        SH:  4    Dex: 17    Spells: 6/13 levels left

rFire   + + .      SeeInvis .    (no weapon)
rCold   . . .      Faith    .    x - +0 buckler
rNeg    . . .      Spirit   .    s - +1 robe "Tuch" {rF+}
rPois   +          Reflect  .    (no helmet)
rElec   .          Harm     .    k - +0 cloak
rCorr   .          Rampage  .    E - +0 pair of gloves
Will    +....                    (no boots)
Stlth   ++........               j - amulet of magic regeneration
HPRegen 0.26/turn                w - ring "Xoef" {Wiz rPois Dex+4}
MPRegen 0.54/turn                o - ring of willpower

@: mesmerised, hasted, very quick
A: talons 1
a: Renounce Religion, Fiery Armour, Foxfire Swarm, Rising Flame


You were on level 6 of the Dungeon.
You worshipped Ignis.
Ignis was extremely pleased with you.
You visited 1 branch of the dungeon, and saw 6 of its levels.

You collected 227 gold pieces.
You spent 42 gold pieces at shops.

Inventory:

Missiles
 a - 2 throwing nets
Armour
 k - a +0 cloak (worn)
 s - the +1 robe "Tuch" (worn) {rF+}
   (You found it on level 2 of the Dungeon)

   rF:        It protects you from fire.
 x - a +0 buckler (worn)
 E - a +0 pair of gloves (worn)
Jewellery
 e - a ring of resist corrosion
 j - an amulet of magic regeneration (around neck)
 o - a ring of willpower (right hand)
 r - a ring of fire
 w - the ring "Xoef" (left hand) {Wiz rPois Dex+4}
   (You found it on level 3 of the Dungeon)

   [ring of wizardry]

   It improves your spell success rate.
   Dex:       It affects your dexterity (+4).
   rPois:     It protects you from poison.
 C - a ring of flight
Wands
 y - a wand of flame (19)
Scrolls
 c - 2 scrolls of summoning {unknown}
 d - 3 scrolls of magic mapping {unknown}
 f - a scroll of silence {unknown}
 g - 3 scrolls of teleportation
 l - 2 scrolls of poison {unknown}
 m - 4 scrolls of identify {unknown}
 n - a scroll of enchant weapon {unknown}
 p - a scroll of torment {unknown}
 t - 2 scrolls of immolation {unknown}
 v - a scroll of blinking {unknown}
 B - a scroll of brand weapon {unknown}
 D - a scroll of noise {unknown}
Potions
 b - 2 potions of magic
 h - 3 potions of mutation
 i - 3 potions of curing
 q - a potion of berserk rage
 u - a potion of haste
 z - 2 potions of degeneration {unknown}
 A - a potion of heal wounds {unknown}


   Skills:
 + Level 7.3 Dodging
 - Level 2.4 Stealth
 - Level 3.0 Spellcasting
 * Level 10.1 Conjurations


You had 6 spell levels left.
You knew the following spells:

 Your Spells              Type           Power      Damage    Failure   Level
a - Magic Dart            Conj           100%       1d8       1%          1
b - Searing Ray           Conj           100%       2d8       1%          2
c - Iskenderun's Mystic   Conj/Tloc      30%        2d8       6%          4

Your spell library contained the following spells:

 Spells                   Type           Power      Damage    Failure   Level
 Dazzling Flash           Conj/Hex       60%        N/A       1%          3
 Fulminant Prism          Conj/Hex       15%        3d10      6%          4
 Gell's Gravitas          Tloc           3%         N/A       16%         3
 Teleport Other           Tloc           3%         N/A       16%         3
 Animate Dead             Necr           3%         N/A       43%         4
 Dispersal                Tloc           1%         N/A       99%         6
 Haunt                    Necr/Summ      1%         N/A       100%        7
 Infestation              Necr           1%         N/A       100%        8


Dungeon Overview and Level Annotations

Branches:
Dungeon (6/15)
 Temple: D:4-7

Altars:
Elyvilon
Qazlal
Ignis

Shops:
D:3 ?[:   D:5 *

Annotations:
D:6 Maggie


Innate Abilities, Weirdness & Mutations

You have sharp toenails.


Message History

Casting: Iskenderun's Mystic Blast (quite dangerous; 6% risk of failure)
Confirm with . or Enter, or press ? or * to list all spells.
Aiming: Searing Ray (safe; 1% risk of failure)
Press: ? - help, Shift-Dir - straight line, f - Maggie
Aim: Maggie, wielding a +1 glaive of protection and wearing +0 swamp dragon scales (lightly wounded, mesmerising, 85% to hit)
The searing ray hits Maggie!
Maggie is moderately wounded.
The searing ray hits the orc warrior but does no damage.
The orc warrior is lightly wounded. (Press . to maintain the ray.)
The searing ray hits Maggie but does no damage.
Maggie is moderately wounded.
Maggie closely misses you.
The searing ray hits Maggie but does no damage.
Maggie is moderately wounded.
The searing ray hits the orc warrior!
The orc warrior is moderately wounded.
Maggie gestures wildly while chanting.
Maggie draws you further into her thrall.
The searing ray hits Maggie.
Maggie is moderately wounded.
You finish channelling your searing ray.
Maggie hits you from afar with a +1 glaive of protection!
* * * LOW HITPOINT WARNING * * *
You feel better.
Maggie points at you and mumbles some strange words.
The bolt of fire hits you! You resist.
* * * LOW HITPOINT WARNING * * *
You feel better.
The orc warrior hits you with a +0 dire flail.
Maggie casts a spell.
Maggie draws you further into her thrall.
It was a potion of berserk rage.
You are too mesmerised to rage.
The orc warrior closely misses you. Maggie closely misses you.
A necrophage comes into view.
It was a potion of haste.
You feel yourself speed up.
The orc warrior hits you with a +0 dire flail!
* * * LOW HITPOINT WARNING * * *
Maggie hits you from afar with a +1 glaive of protection!
You die...

..# .#.## #.# #....#
#.# ......###.####
#............#
#.#.#####.##.# #.#.#
#.##.# #.#.#####.##.#
#..@......##.##
##.o.#######..# #@....#
##.# #.).....# ##.##
#.).......####<..###
n.........)+........#
............#.##...#.#
#.#.#.......##........#
..#.##.....###..##.##.#


You could see Maggie (mesmerising), an orc warrior and a necrophage.

Vanquished Creatures
  2 ice beasts
  A centaur (D:5)
  An ogre (D:4)
  A phantom (D:5)
  A necrophage (D:6)
  2 gnoll sergeants (D:5)
  5 orc priests
  3 hounds (D:5)
  Jessica (D:2)
  2 iguanas (D:4)
  3 orc wizards
  Robin (D:2)
  4 adders
  12 gnolls
  An ufetubus (D:5)
  A dart slug (D:1)
  21 orcs
  7 bats
  6 endoplasms
  2 giant cockroaches
  14 goblins
  9 hobgoblins
  4 jackals (D:1)
  3 quokkas
  8 ball pythons
  2 frilled lizards
  7 kobolds
  5 rats
129 creatures vanquished.

Vanquished Creatures (others)
  A quokka (D:5)
1 creature vanquished.

Grand Total: 130 creatures vanquished

Notes
Turn   | Place    | Note
-------+----------+-------------------------------------------
     0 | D:1      | Lanoc the Deep Elf Conjurer began the quest for the Orb.
     0 | D:1      | Reached XP level 1. HP: 10/10 MP: 6/6
   218 | D:1      | Reached XP level 2. HP: 15/15 MP: 5/8
   260 | D:1      | Learned a level 2 spell: Searing Ray
   446 | D:1      | Reached skill level 5 in Conjurations
   565 | D:1      | Reached XP level 3. HP: 19/19 MP: 0/9
  1059 | D:2      | Found a faded altar of an unknown god.
  1102 | D:2      | Prayed at the altar of an unknown god.
  1102 | D:2      | Became a worshipper of Ignis, the Dying Flame
  1123 | D:2      | Noticed Jessica
  1127 | D:2      | Killed Jessica
  1128 | D:2      | Reached XP level 4. HP: 24/24 MP: 7/10
  1389 | D:2      | Identified the +1 robe "Tuch" {rF+}
  1422 | D:2      | Noticed Robin
  1453 | D:2      | Killed Robin
  1454 | D:2      | Reached skill level 6 in Conjurations
  1657 | D:3      | Reached XP level 5. HP: 20/28 MP: 3/11
  2210 | D:3      | Identified the ring "Xoef" {Wiz rPois Dex+4}
  2218 | D:3      | Found Ijanwahu's Armour Boutique.
  2263 | D:3      | Found Xirghieqo's Magic Scroll Shop.
  2298 | D:3      | Bought a scroll of teleportation for 42 gold pieces
  2343 | D:3      | Found Sutyste's Book Emporium.
  2476 | D:4      | Learned a level 4 spell: Iskenderun's Mystic Blast
  2536 | D:4      | Noticed an ogre
  2540 | D:4      | Killed an ogre
  2541 | D:4      | Reached skill level 7 in Conjurations
  2541 | D:4      | Reached XP level 6. HP: 32/32 MP: 8/12
  2595 | D:4      | Found a stormy altar of Qazlal.
  2728 | D:4      | Reached skill level 5 in Dodging
  3264 | D:5      | Entered Level 5 of the Dungeon
  3338 | D:5      | Reached skill level 8 in Conjurations
  3338 | D:5      | Reached XP level 7. HP: 36/36 MP: 9/13
  3518 | D:5      | Found a white marble altar of Elyvilon.
  3542 | D:5      | HP: 1/36 [centaur/arrow (7)]
  3764 | D:5      | Reached skill level 9 in Conjurations
  3893 | D:5      | Reached XP level 8. HP: 26/41 MP: 7/14
  4083 | D:5      | Found Rykifuff's General Store.
  4329 | D:6      | Noticed Maggie
  4340 | D:6      | Gained mutation: You have sharp toenails. [potion of
                  | mutation]
  4343 | D:6      | Reached skill level 10 in Conjurations
  4350 | D:6      | Slain by Maggie

Illustrated notes

Levels and vault maps discovered:
D:1:      minmay_arrival_five_plusses, layout_basic, nicolae_figureground_pulse
D:2:      layout_loops_ring, hellmonk_ecumenical_altar_crossroads,
          kennysheep_generic_room_8, uniq_jessica, uniq_robin
D:3:      layout_basic, serial_shops, nicolae_shop_statue_plus,
          nicolae_shop_waterfront, nicolae_square_shop
D:4:      layout_gridville, mainiacjoe_overflow_surrounded_room
D:5:      layout_basic, elyvilon_altar_4, serial_curves, eino_curves_02,
          eino_curves_04, serial_shops, nicolae_shop_statue_plus
D:6:      layout_loops_corners, minmay_temple_entry_sparse_star, centaur_isle,
          uniq_maggie, uniq_duvessa

Skill      XL: |  1  2  3  4  5  6  7  8 |
---------------+-------------------------+-----
Dodging        | 3 4 5 6 7 |  7.3
Conjurations   | 5 6 7 8 9 10 | 10.1
Stealth        | |  2.4
Spellcasting   | |  3.0

Action                   |  1- 3 |  4- 6 |  7- 9 || total
-------------------------+-------+-------+-------++-------
 Cast: Magic Dart        |    56 |    88 |    16 ||   160
       Searing Ray       |     1 |    13 |    26 ||    40
       Iskenderun's Myst |       |       |     1 ||     1
  Use: Potion            |       |       |     5 ||     5
Armor: Robe              |     3 |     2 |     4 ||     9
Dodge: Dodged            |     3 |     7 |    16 ||    26
Block: Buckler           |       |       |     4 ||     4

Table legend: (Time is in decaauts)
 A = Elapsed time spent in this place.
 B = Non-inter-level travel time spent in this place.
 C = Inter-level travel time spent in this place.
 D = Time resting spent in this place.
 E = Time spent auto-exploring this place.
 F = Levels seen in this place.
 G = Mean time per level.
                   A        B        C        D        E       F      G
               +--------+--------+--------+--------+--------+-----+--------+
         Total |   4347 |   4170 |    177 |      0 |   3584 |   6 |  724.5 |
       Dungeon |   4347 |   4170 |    177 |      0 |   3584 |   6 |  724.5 |
               +--------+--------+--------+--------+--------+-----+--------+

Top non-repeatable levels by time:
     D:5: 1025 daAuts
     D:1: 901 daAuts
     D:3: 817 daAuts
     D:4: 798 daAuts
     D:2: 744 daAuts
     D:6: 59 daAuts
